 Dungeon Crawl Stone Soup version 0.27-a0-1191-g601b473118 (webtiles) character file.

Game seed: 7532135436961266584

102 bande the Shield-Bearer (level 4, -4/29 HPs)
             Began as a Gargoyle Fighter on May 24, 2021.
             Slain by Crazy Yiuf
             ... wielding a +4 quarterstaff of chaos
              (10 damage)
             ... on level 2 of the Dungeon.
             The game lasted 00:03:56 (2426 turns).

bande the Shield-Bearer (Gargoyle Fighter)          Turns: 2426, Time: 00:03:56

Health: -4/29      AC: 15    Str: 19    XL:     4   Next: 77%
Magic:  4/4        EV:  5    Int:  9    God:
Gold:   86         SH:  9    Dex: 10    Spells: 3/3 levels left

rFire    . . .     SeeInvis .   a - +1 war axe
rCold    . . .     Faith    .   c - +0 kite shield
rNeg     + . .     Spirit   .   h - +0 chain mail
rPois    ∞         Reflect  .   f - +0 helmet
rElec    +         Harm     .   b - +0 cloak
rCorr    .         Rampage  .   (no gloves)
Will     .....                  (no boots)
Stlth    ..........             (no amulet)
HPRegen  0.09/turn              (no ring)
MPRegen  0.09/turn              (no ring)

@: hasted and slowed
A: sickness immunity, AC +3, negative energy resistance 1, electricity
resistance, torment resistance 1, petrification resistance
a: no special abilities


You were on level 2 of the Dungeon.
You visited 1 branch of the dungeon, and saw 2 of its levels.

You collected 86 gold pieces.

Inventory:

Hand Weapons
 a - a +1 war axe (weapon)
 g - a +1 vorpal mace
Armour
 b - a +0 cloak (worn)
 c - a +0 kite shield (worn)
 f - a +0 helmet (worn)
 h - a +0 chain mail (worn)
Scrolls
 e - a scroll of identify
 j - a scroll of blinking
Potions
 d - a potion of might
 i - a potion of heal wounds
 k - a potion of degeneration {unknown}


   Skills:
 + Level 3.7 Fighting
 + Level 3.1 Axes
 + Level 3.7 Armour
 + Level 0.3 Dodging
 + Level 4.1 Shields


You had 3 spell levels left.
You didn't know any spells.
Your spell library contained the following spells:

 Spells                   Type           Power      Damage    Failure   Level
 Corona                   Hex            0%         N/A       100%        1
 Sandblast                Erth           0%         2d4       100%        1
 Ensorcelled Hibernation  Hex/Ice        0%         N/A       100%        2
 Passwall                 Tmut/Erth      0%         N/A       100%        2
 Confusing Touch          Hex            0%         N/A       100%        3
 Dazzling Flash           Conj/Hex       0%         N/A       100%        3
 Stone Arrow              Conj/Erth      0%         3d7       100%        3
 Tukima's Dance           Hex            0%         N/A       100%        3
 Petrify                  Tmut/Erth      0%         N/A       100%        4
 Lee's Rapid Deconstruct  Erth           0%         3d5*      100%        5


Dungeon Overview and Level Annotations

Branches:
Dungeon (2/15)

Altars:

Shops:
D:1 [

Annotations:
D:2 Crazy Yiuf


Innate Abilities, Weirdness & Mutations

You are immune to sickness and miasma.
Your stone body is resilient. (AC +3)
You are immune to poison.
You resist negative energy. (rN+)
You are resistant to electric shocks. (rElec)
You are resistant to unholy torment.
You are immune to petrification.


Message History

The bush is lightly damaged.
You slash the fungus! You hit the bush but do no damage.
The bush is lightly damaged.
You hit the fungus.
A nearby fungus withers and dies.
You hit the bush.
The bush is lightly damaged.
You hit the bush but do no damage.
The bush is lightly damaged.
You hit the bush but do no damage.
The bush is lightly damaged.
You hit the bush.
The bush is lightly damaged.
You slash the bush!
The bush is lightly damaged.
You hit the bush but do no damage.
The bush is lightly damaged.
Found a mace.
Found a runed translucent door.
Crazy Yiuf shouts!
You open the door.
Crazy Yiuf grits, "Adder snail sing-song!"
You hit Crazy Yiuf.
Crazy Yiuf is lightly wounded.
Crazy Yiuf hits you with a +4 quarterstaff of chaos.
Crazy Yiuf yells, "Adder tortoise broken!"
Crazy Yiuf hits you but does no damage.
You feel yourself slow down.
You hit Crazy Yiuf.
Crazy Yiuf is moderately wounded.
Crazy Yiuf hits you with a +4 quarterstaff of chaos!
You blink.
Crazy Yiuf hits you with a +4 quarterstaff of chaos!
* * * LOW HITPOINT WARNING * * *
Crazy Yiuf freezes you.
* * * LOW HITPOINT WARNING * * *
You block Crazy Yiuf's attack.
You slash Crazy Yiuf!
Crazy Yiuf is almost dead.
Crazy Yiuf hits you but does no damage.
You feel yourself speed up.
Crazy Yiuf hits you with a +4 quarterstaff of chaos!
You die...

......[..'.# ♣.PP♣ #.....#
###...####.# ♣♣.♣♣ ##...##
##..# ### ♣.♣♣ #..## ##.#
♣♣.♣ #.## #.# ♣.♣♣ #.# #.#
### ♣♣.♣ ##.########
#.###.## ##'## #.........#
#.##...# #.g.# #..######.#
#......# #.@.# #.....# #.#
###....# #..)# #.###.# #.#
#.#.## ##### #.# #.# #.#
#.#.# #.###.###.# #.#.####
#####.........#
#.#.##.#####.........#####
#.#..........#########
#.####.####### #......#


You could see Crazy Yiuf.

Vanquished Creatures
  Robin (D:2)
  2 adders (D:2)
  2 worms (D:2)
  A dart slug (D:1)
  2 endoplasms
  3 giant cockroaches
  6 hobgoblins
  4 jackals (D:1)
  5 quokkas
  3 ball pythons (D:1)
  5 bats
  3 frilled lizards (D:2)
  14 goblins
  5 kobolds
  7 rats
63 creatures vanquished.

Vanquished Creatures (others)
  A fungus (D:2)
1 creature vanquished.

Grand Total: 64 creatures vanquished

Notes
Turn   | Place    | Note
-------+----------+-------------------------------------------
     0 | D:1      | bande the Gargoyle Fighter began the quest for the Orb.
     0 | D:1      | Reached XP level 1. HP: 14/14 MP: 1/1
   278 | D:1      | Found Nal Ifra's Armour Boutique.
   336 | D:1      | Reached XP level 2. HP: 16/19 MP: 2/2
   822 | D:1      | Reached XP level 3. HP: 23/23 MP: 3/3
  1075 | D:1      | Found a faded altar of an unknown god.
  1355 | D:2      | Reached skill level 4 in Shields
  1355 | D:2      | Reached XP level 4. HP: 26/28 MP: 4/4
  1382 | D:2      | Noticed Robin
  1398 | D:2      | Killed Robin
  2418 | D:2      | Found a runed translucent door.
  2419 | D:2      | Noticed Crazy Yiuf
  2426 | D:2      | Slain by Crazy Yiuf

Illustrated notes

Levels and vault maps discovered:
D:1:      mrwooster_arrival_arrow, layout_loops_ring,
          hellmonk_ecumenical_altar_leap_of_faith, serial_shops,
          nicolae_shop_trees, minmay_misc_feat_room
D:2:      layout_loops_corners, uniq_robin, uniq_crazy_yiuf_cottage

Skill      XL: |  1  2  3  4 |
---------------+-------------+-----
Axes           | 2 3 |  3.1
Shields        | 4 |  4.1
Fighting       | |  3.7
Armour         | |  3.7
Dodging        | |  0.3

Action                   |  1- 3 |  4- 6 || total
-------------------------+-------+-------++-------
Melee: War axe           |   109 |    67 ||   176
  Use: Scroll            |     3 |     1 ||     4
Armor: Scale mail        |    22 |       ||    22
       Chain mail        |    84 |    41 ||   125
Dodge: Dodged            |    34 |    10 ||    44
Block: Kite shield       |    73 |    24 ||    97

Table legend: (Time is in decaauts)
 A = Elapsed time spent in this place.
 B = Non-inter-level travel time spent in this place.
 C = Inter-level travel time spent in this place.
 D = Time resting spent in this place.
 E = Time spent auto-exploring this place.
 F = Levels seen in this place.
 G = Mean time per level.
                   A        B        C        D        E       F      G
               +--------+--------+--------+--------+--------+-----+--------+
         Total |   2531 |   2531 |      0 |    613 |   1376 |   2 | 1265.5 |
       Dungeon |   2531 |   2531 |      0 |    613 |   1376 |   2 | 1265.5 |
               +--------+--------+--------+--------+--------+-----+--------+

Top non-repeatable levels by time:
     D:2: 1331 daAuts
     D:1: 1199 daAuts
